 Dungeon Crawl Stone Soup version 0.28.0-53-g5a82cb258f (webtiles) character file.

Game seed: 5396060238074568758

175 firemarshallily the Sneak (level 5, -15/37 HPs)
             Began as a Gnoll Wanderer on July 28, 2022.
             Was a Follower of Uskayaw.
             Killed by divine providence
             ... invoked by an orc priest
              (16 damage)
             ... on level 3 of the Dungeon.
             The game lasted 00:12:09 (3530 turns).

firemarshallily the Sneak (Gnoll Wanderer)          Turns: 3530, Time: 00:12:11

Health: -15/37     AC: 11    Str: 11    XL:     5   Next: 55%
Magic:  0/12       EV: 10    Int: 14    God:    Uskayaw [*.....]
Gold:   73         SH:  4    Dex: 11    Spells: 13/14 levels left

rFire   + . .      SeeInvis .   a - +2 dagger
rCold   . . .      Faith    .   c - +0 buckler
rNeg    + . .      Spirit   +   o - +4 ring mail of the Game Afoot {rF+ rN+ Stlth+}
rPois   .          Reflect  .   i - +0 helmet
rElec   .          Harm     .   (no cloak)
rCorr   .          Rampage  .   (no gloves)
Will    .....                   (no boots)
Stlth   ++++......              q - amulet of guardian spirit
HPRegen 0.12/turn               (no ring)
MPRegen 0.13/turn               (no ring)

@: no status effects
A: fangs 1, strong nose, distributed training
a: Renounce Religion, Stomp


You were on level 3 of the Dungeon.
You worshipped Uskayaw.
Uskayaw was noncommittal.
You visited 1 branch of the dungeon, and saw 3 of its levels.

You collected 73 gold pieces.

Inventory:

Hand Weapons
 a - a +2 dagger (weapon)
 g - a +0 vorpal war axe
Missiles
 e - 22 arrows
 f - 46 stones
 h - 42 bolts
 s - 11 sling bullets
Armour
 c - a +0 buckler (worn)
 i - a +0 helmet (worn)
 o - the +4 ring mail of the Game Afoot (worn) {rF+ rN+ Stlth+}
   (You found it on level 3 of the Dungeon)

   rF:        It protects you from fire.
   rN:        It protects you from negative energy.
   Stlth:     It makes you more stealthy.
Jewellery
 q - an amulet of guardian spirit (around neck)
Potions
 b - a potion of flight
 k - a potion of curing {unknown}
 m - 2 potions of resistance
 n - a potion of heal wounds {unknown}


   Skills:
 + Level 1.5 Fighting
 + Level 1.5 Short Blades
 + Level 1.5 Long Blades
 + Level 1.5 Axes
 + Level 1.5 Maces & Flails
 + Level 1.5 Polearms
 + Level 1.5 Staves
 + Level 1.5 Slings
 + Level 1.5 Bows
 + Level 1.5 Crossbows
 + Level 1.5 Throwing
 + Level 4.8 Armour
 + Level 1.5 Dodging
 + Level 7.9 Stealth
 + Level 3.0 Shields
 + Level 1.5 Unarmed Combat
 + Level 5.2 Spellcasting
 + Level 1.2 Conjurations
 + Level 2.4 Hexes
 + Level 1.2 Summonings
 + Level 1.2 Necromancy
 + Level 1.2 Translocations
 + Level 1.2 Transmutations
 + Level 1.2 Fire Magic
 + Level 1.2 Ice Magic
 + Level 1.2 Air Magic
 + Level 1.2 Earth Magic
 + Level 1.2 Poison Magic
 + Level 1.7 Invocations
 + Level 1.5 Evocations


You had 13 spell levels left.
You knew the following spells:

 Your Spells              Type           Power      Damage    Failure   Level
a - Slow                  Hex            40%        N/A       19%         1

Your spell library contained the following spells:

 Spells                   Type           Power      Damage    Failure   Level
 Sublimation of Blood     Necr           7%         N/A       43%         2
 Wereblood                Tmut           7%         N/A       43%         2
 Portal Projectile        Hex/Tloc       16%        N/A       58%         3
 Conjure Flame            Conj/Fire      7%         6-21      67%         3
 Ignite Poison            Fire/Tmut/Pois 7%         N/A       67%         3
 Sticky Flame             Conj/Fire      7%         2d3       97%         4
 Summon Hydra             Summ           3%         N/A       100%        7


Dungeon Overview and Level Annotations

Branches:
Dungeon (3/15)

Altars:
Fedhas
Makhleb
Qazlal
Uskayaw
Wu Jian


Innate Abilities, Weirdness & Mutations

You have very sharp teeth.
Your uncanny sense of smell can sniff out nearby items.
Your experience applies equally to all skills.


Message History

The orc priest mumbles some strange prayers to Beogh against you.
Beogh smites you!
* * * LOW HITPOINT WARNING * * *
The orc priest looks encouraged for a moment.
The orc closely misses you.
A hobgoblin comes into view.
A giant cockroach comes into view.
Found 15 arrows.
You block the orc priest's attack.
You closely miss the hobgoblin. You block the kobold's attack.
The orc priest looks satisfied for a moment.
The hobgoblin misses you.
The orc priest hits you but does no damage.
You hit the hobgoblin but do no damage. The hobgoblin barely misses you.
The kobold hits you with a +5 dagger.
* * * LOW HITPOINT WARNING * * *
You barely miss the hobgoblin. Your bite misses the hobgoblin.
The kobold hits you with a +5 dagger.
* * * LOW HITPOINT WARNING * * *
The hobgoblin hits you but does no damage.
The orc priest barely misses you.
You closely miss the hobgoblin. The hobgoblin hits you.
* * * LOW HITPOINT WARNING * * *
You block the kobold's attack.
Okay, then.
You hit the hobgoblin.
The hobgoblin is lightly wounded.
The kobold hits you with a +5 dagger.
* * * LOW HITPOINT WARNING * * *
The hobgoblin closely misses you.
The orc priest calls upon Beogh to heal the orc priest.
The orc priest's wounds heal themselves!
The orc priest hits you but does no damage.
You hit the hobgoblin but do no damage.
The hobgoblin is lightly wounded.
The kobold hits you with a +5 dagger.
* * * LOW HITPOINT WARNING * * *
The hobgoblin hits you but does no damage.
The orc priest mumbles some strange prayers to Beogh against you.
Beogh smites you!
You die...

#....# #....# . #....##
### .. ###...## .... ...
#....# ..... ...(
#.._.##....... .....
###.............
......###.....†.........
.....Bg@KS..............
####.###oo..............
#.o...............
#..o...............
#.........(<....###
#..................
#!...........(.$.#.
...............#...
###>................


You could see 3 orc priests, an orc, a giant cockroach, a hobgoblin, a ball
python and a kobold.

Vanquished Creatures
  A necrophage (D:3)
  An adder (D:3)
  2 worms
  4 dart slugs
  3 orcs (D:3)
  9 ball pythons
  2 endoplasms
  4 giant cockroaches
  4 goblins
  9 hobgoblins
  6 quokkas
  A bat (D:3)
  7 frilled lizards
  3 kobolds
  4 rats
60 creatures vanquished.

Notes
Turn   | Place    | Note
-------+----------+-------------------------------------------
     0 | D:1      | firemarshallily the Gnoll Wanderer began the quest for the
                  | Orb.
     0 | D:1      | firemarshallily set off with the following items: a +2
                  | dagger, a scroll of fear, a +0 buckler, a +0 robe; and the
                  | following spell memorised: Slow; and the following spells
                  | available to memorise: Portal Projectile
     0 | D:1      | Reached XP level 1. HP: 13/13 MP: 6/6
    70 | D:1      | Reached XP level 2. HP: 2/19 MP: 7/7
   385 | D:1      | Found a faded altar of an unknown god.
   394 | D:1      | Prayed at the altar of an unknown god.
   394 | D:1      | Became a worshipper of Uskayaw the Reveller
   394 | D:1      | Reached * piety under Uskayaw
   736 | D:1      | Reached ** piety under Uskayaw
   744 | D:1      | Reached *** piety under Uskayaw
  1158 | D:1      | Reached XP level 3. HP: 25/25 MP: 9/9
  1250 | D:1      | Reached skill level 5 in Spellcasting
  1828 | D:2      | Found a blossoming altar of Fedhas.
  1960 | D:2      | Reached skill level 1 in Invocations
  2483 | D:2      | Reached skill level 1 in Fighting
  2483 | D:2      | Reached skill level 1 in Short Blades
  2483 | D:2      | Reached skill level 1 in Long Blades
  2483 | D:2      | Reached skill level 1 in Axes
  2483 | D:2      | Reached skill level 1 in Maces & Flails
  2483 | D:2      | Reached skill level 1 in Polearms
  2483 | D:2      | Reached skill level 1 in Staves
  2483 | D:2      | Reached skill level 1 in Slings
  2483 | D:2      | Reached skill level 1 in Bows
  2483 | D:2      | Reached skill level 1 in Crossbows
  2483 | D:2      | Reached skill level 1 in Throwing
  2483 | D:2      | Reached skill level 1 in Dodging
  2483 | D:2      | Reached skill level 1 in Unarmed Combat
  2483 | D:2      | Reached skill level 1 in Evocations
  2554 | D:3      | Found a burning altar of Makhleb.
  2979 | D:3      | Found an ornate altar of the Wu Jian Council.
  3037 | D:3      | Reached XP level 4. HP: 32/32 MP: 11/11
  3117 | D:3      | Noticed a necrophage
  3252 | D:3      | Noticed a necrophage
  3268 | D:3      | Killed a necrophage
  3268 | D:3      | Reached **** piety under Uskayaw
  3269 | D:3      | Reached skill level 1 in Conjurations
  3269 | D:3      | Reached skill level 1 in Summonings
  3269 | D:3      | Reached skill level 1 in Necromancy
  3269 | D:3      | Reached skill level 1 in Translocations
  3269 | D:3      | Reached skill level 1 in Transmutations
  3269 | D:3      | Reached skill level 1 in Fire Magic
  3269 | D:3      | Reached skill level 1 in Ice Magic
  3269 | D:3      | Reached skill level 1 in Air Magic
  3269 | D:3      | Reached skill level 1 in Earth Magic
  3269 | D:3      | Reached skill level 1 in Poison Magic
  3269 | D:3      | Reached XP level 5. HP: 20/37 MP: 7/12
  3416 | D:3      | Identified the +4 ring mail of the Game Afoot {rF+ rN+
                  | Stlth+}
  3441 | D:3      | Found a faded altar of an unknown god.
  3444 | D:3      | Found a stormy altar of Qazlal.
  3530 | D:3      | HP: 1/37 [kobold/+5 dagger (1)]
  3530 | D:3      | Killed from afar by an orc priest

Illustrated notes

Levels and vault maps discovered:
D:1:      lordsloth_arrival_two_stooges, layout_basic,
          ebering_ecumenical_altar_petrified
D:2:      layout_basic, basic_altar
D:3:      layout_rooms, mainiacjoe_overflow_concentric_impassable,
          nicolae_overflow_ecumenical_swirl, nicolae_uskayaw_en_pointe,
          bloody_makhleb, minmay_close_crescents

Skill      XL: |  1  2  3  4 |
---------------+-------------+-----
Hexes          | 2 |  2.4
Spellcasting   | 5 |  5.2
Invocations    | 1 |  1.7
Fighting       | 1 |  1.5
Short Blades   | 1 |  1.5
Long Blades    | 1 |  1.5
Axes           | 1 |  1.5
Maces & Flails | 1 |  1.5
Polearms       | 1 |  1.5
Staves         | 1 |  1.5
Slings         | 1 |  1.5
Bows           | 1 |  1.5
Crossbows      | 1 |  1.5
Throwing       | 1 |  1.5
Dodging        | 1 |  1.5
Unarmed Combat | 1 |  1.5
Evocations     | 1 |  1.5
Shields        | 3 |  3.0
Conjurations   | 1 |  1.2
Summonings     | 1 |  1.2
Necromancy     | 1 |  1.2
Translocations | 1 |  1.2
Transmutations | 1 |  1.2
Fire Magic     | 1 |  1.2
Ice Magic      | 1 |  1.2
Air Magic      | 1 |  1.2
Earth Magic    | 1 |  1.2
Poison Magic   | 1 |  1.2
Armour         | |  4.8
Stealth        | |  7.9

Action                   |  1- 3 |  4- 6 || total
-------------------------+-------+-------++-------
Melee: Dagger            |   130 |    40 ||   170
       Bite              |     8 |     3 ||    11
  Use: Scroll            |     1 |     3 ||     4
       Potion            |       |     2 ||     2
 Stab: Sleeping          |    18 |     4 ||    22
       Paralysed         |     2 |       ||     2
Armor: Robe              |    13 |     6 ||    19
       Ring mail         |       |     8 ||     8
Dodge: Dodged            |    48 |    31 ||    79
Block: Buckler           |    13 |    12 ||    25
